 Dungeon Crawl Stone Soup version 0.13.1-19-g4b9377e (webtiles) character file.

634 Nakatomy the Spear-Bearer (level 6, 0/52 HPs)
             Began as a Minotaur Fighter on Dec 23, 2013.
             Slain by a killer bee (7 damage)
             ... on Level 5 of the Dungeon.
             The game lasted 00:17:57 (3516 turns).

Nakatomy the Spear-Bearer (Minotaur Fighter)        Turns: 3516, Time: 00:17:57

HP   0/52        AC  7     Str 22      XL: 6   Next: 45%
MP   2/2         EV  7     Int  5      God:
Gold 255         SH 19     Dex 10      Spells:  0 memorised,  5 levels left

Res.Fire  : . . .   See Invis. : .   a - +0 trident
Res.Cold  : . . .   Warding    : .   b - +0 scale mail
Life Prot.: . . .   Conserve   : .   c - +0 shield
Res.Poison: .       Res.Corr.  : .   (helmet restricted)
Res.Elec. : .       Clarity    : .   (no cloak)
Sust.Abil.: . .     Spirit.Shd : .   (no gloves)
Res.Mut.  : .       Stasis     : .   (no boots)
Res.Rott. : .       Flight     : .   (no amulet)
Saprovore : . . .                    (no ring)
                                     (no ring)

@: mildly poisoned, slightly resistant to hostile enchantments, extremely
unstealthy
A: retaliatory headbutt, horns 2
a: no special abilities


You were on level 5 of the Dungeon.
You were hungry.

You visited 1 branch of the dungeon, and saw 5 of its levels.

You collected 235 gold pieces.

Inventory:

Hand weapons
 a - a +0,+0 trident (weapon)
Armour
 b - a +0 scale mail (worn)
 c - a +0 shield (worn)
Comestibles
 d - 3 bread rations
 v - 2 rotting chunks of orc flesh
 z - 2 chunks of orc flesh
 A - a chunk of hobgoblin flesh
 B - a meat ration
Scrolls
 e - a scroll of random uselessness {unknown}
 f - 3 scrolls of teleportation {unknown}
 j - a scroll of amnesia {unknown}
 l - 4 scrolls of remove curse {unknown}
 m - 3 scrolls of identify {unknown}
 p - 2 scrolls of noise {unknown}
 s - 2 scrolls of blinking
 t - 2 scrolls of fog {unknown}
 y - a scroll of fear {unknown}
Jewellery
 k - an uncursed amulet of conservation {unknown}
 n - an uncursed amulet of resist mutation {unknown}
 u - an uncursed ring of sustain abilities {unknown}
 w - an uncursed ring of protection from cold {unknown}
 x - an uncursed amulet of resist mutation {unknown}
Potions
 g - a potion of restore abilities {unknown}
 h - a potion of porridge {unknown}
 i - 2 potions of resistance {unknown}
 o - a potion of agility {unknown}
 q - a potion of flight {unknown}
 r - a potion of might {unknown}


   Skills:
 - Level 3.8 Fighting
 + Level 8.1 Polearms
 - Level 3.7 Armour
 - Level 3.9 Shields


You had 5 spell levels left.
You didn't know any spells.

Dungeon Overview and Level Annotations

Branches:
Dungeon (5/27)
 Temple: D:4-7

Altars:
Fedhas
Nemelex Xobeh
Vehumet
Xom
Yredelemnul

Shops:
D:5 =

Annotations:
D:4 Prince Ribbit


Innate Abilities, Weirdness & Mutations

You reflexively headbutt those who attack you in melee.
You have a pair of horns on your head.


Message History

The killer bee is almost dead.
* * * LOW HITPOINT WARNING * * *
You feel sick.
The killer bee stings you but does no damage.
You block the killer bee's attack.
You closely miss the killer bee. Your headbutt misses the killer bee.
The killer bee is almost dead.
The killer bee stings you.
* * * LOW HITPOINT WARNING * * *
You block the killer bee's attack.
You miss the killer bee. Your headbutt misses the killer bee.
The killer bee is almost dead.
The killer bee stings you.
* * * LOW HITPOINT WARNING * * *
The killer bee stings you but does no damage.
You closely miss the killer bee.
The killer bee is almost dead.
* * * LOW HITPOINT WARNING * * *
You feel sick. The killer bee stings you!
You die...

# > ####### .# #.....#
#. #.(...####
#.###........# #####
#..##.....##.# #...####
#%.......##.#####.#....#
#...........kkk@....##.#
#.........#.##########.#
##[....##..#.## #..#
)%)...........##### #.##
##.#.#..#..##.....# #.#
...#.#..#..##.....# #.#
.....#..#.........# #.#
...###............# #.#
##.###............# #.##


You could see 3 killer bees.

Vanquished Creatures
  A sky beast (D:5)
  An ogre (D:5)
  A killer bee (D:5)
  5 adders
  2 giant mites
  A giant eyeball (D:5)
  3 oozes
  10 orcs
  9 bats
  3 giant cockroaches
  12 goblins
  10 hobgoblins
  2 jackals (D:3)
  6 kobolds
  3 quokkas
  4 giant geckos
  5 giant newts
  A goblin skeleton (D:3)
  10 rats
89 creatures vanquished.

Notes
Turn   | Place    | Note
--------------------------------------------------------------
     0 | D:1      | Nakatomy, the Minotaur Fighter, began the quest for the Orb.
     0 | D:1      | Reached XP level 1. HP: 19/19 MP: 0/0
     0 | D:1      | eXcel: was war das jetzt? habs nicht mitbekommen
     1 | D:1      | Nakatomy: ich bin vor den viechern weggerannt (5hp) - treppe runter und da hat ein scorpion auf mich gewatrte
     1 | D:1      | Nakatomy: *gewartet
    63 | D:1      | eXcel: :[
   133 | D:1      | Reached XP level 2. HP: 26/26 MP: 0/0
   642 | D:2      | Found a sparkling altar of Nemelex Xobeh.
   677 | D:2      | Reached XP level 3. HP: 33/33 MP: 1/1
   727 | D:2      | Reached skill level 4 in Polearms
   873 | D:2      | Found a shimmering altar of Xom.
  1299 | D:3      | Reached XP level 4. HP: 39/39 MP: 1/1
  1314 | D:3      | Reached skill level 5 in Polearms
  1366 | D:3      | Found a blossoming altar of Fedhas.
  1955 | D:5      | Entered Level 5 of the Dungeon
  2176 | D:4      | Noticed Prince Ribbit
  2179 | D:4      | Nakatomy: LĂ„UFT!
  2179 | D:4      | Nakatomy: -.-
  2179 | D:4      | eXcel: wtf
  2179 | D:4      | eXcel: das viel auf lvl4 o_O
  2179 | D:4      | eXcel: h
  2179 | D:4      | Nakatomy: zum kotzen -.-
  2179 | D:4      | Nakatomy: naja ... neues spiel :-(
  2205 | D:4      | Nakatomy: hier runter ist auch mist --
  2205 | D:4      | eXcel: nach oben
  2205 | D:4      | Nakatomy: da waren glaube ich viele viecher
  2210 | D:4      | eXcel: rechts ist ne einweg treppe
  2595 | D:4      | Nakatomy: hkajshdkajshd
  2595 | D:4      | Nakatomy: wieso bin ich wieder auf 4 -.-
  2887 | D:5      | Paralysed by a giant eyeball for 4 turns
  2892 | D:5      | Reached XP level 5. HP: 46/46 MP: 1/1
  2906 | D:5      | Found Nekhuoj's Jewellery Emporium.
  2923 | D:5      | Found a radiant altar of Vehumet.
  2951 | D:5      | Noticed an ogre
  2979 | D:5      | Found a basalt altar of Yredelemnul.
  2994 | D:5      | Killed an ogre
  2994 | D:5      | Reached skill level 6 in Polearms
  3102 | D:5      | Reached skill level 7 in Polearms
  3294 | D:5      | Noticed a sky beast
  3312 | D:5      | Killed a sky beast
  3312 | D:5      | Reached XP level 6. HP: 29/52 MP: 2/2
  3491 | D:5      | Reached skill level 8 in Polearms
  3516 | D:5      | Slain by a killer bee

Action                   |  1- 3 |  4- 6 || total
-------------------------+-------+-------++-------
Melee: Trident           |   138 |   165 ||   303
  Use: Scroll            |       |     2 ||     2
